 Dungeon Crawl Stone Soup version 0.21-a0-401-g0b6bec4 (webtiles) character file.

119 riteheju the Sneak (level 4, -1/22 HPs)
             Began as a Spriggan Assassin on Oct 25, 2017.
             Slain by a kobold
             ... wielding a +1 short sword of electrocution
              (19 damage)
             ... on level 2 of the Dungeon.
             The game lasted 00:11:00 (2079 turns).

riteheju the Sneak (Spriggan Assassin)              Turns: 2079, Time: 00:11:01

Health: -1/22      AC:  2    Str:  7    XL:     4   Next: 73%
Magic:  5/5        EV: 20    Int: 12    God:
Gold:   78         SH:  5    Dex: 18    Spells: 3/3 levels left

rFire    + . .     SeeInvis +   a - +2 dagger
rCold    + . .     Gourm    .   (shield restricted)
rNeg     . . .     Faith    .   c - +0 robe
rPois    .         Spirit   .   (helmet restricted)
rElec    .         Reflect  +   t - scarf {rC+ rF+}
rCorr    .         Harm     .   (gloves unavailable)
MR       .....     Rnd*Tele +   (boots unavailable)
Stlth    ++++......             k - +5 amulet of reflection
HPRegen  0.07/turn              w - +3 ring of evasion
MPRegen  0.09/turn              v - ring of teleportation (curse)

@: very quick
A: unfitting armour, see invisible, herbivore 3, speed 3, slow metabolism 2
a: no special abilities


You were on level 2 of the Dungeon.
You were not hungry.

You visited 1 branch of the dungeon, and saw 2 of its levels.

You collected 78 gold pieces.

Inventory:

Hand Weapons
 a - a +2 dagger (weapon)
 b - a +0 blowgun
Missiles
 e - 8 poisoned needles
 f - 2 curare-tipped needles
 h - 31 bolts
 i - 91 stones (quivered)
Armour
 c - a +0 robe (worn)
 d - a +0 cloak
 t - a scarf of resistance (worn)
Jewellery
 k - a +5 amulet of reflection (around neck)
 s - a +1 ring of evasion
 v - a cursed ring of teleportation (right hand)
 w - a +3 ring of evasion (left hand)
Potions
 j - a potion of agility
 l - a potion of cancellation {unknown}
 m - a potion of ambrosia {unknown}
 o - a potion of degeneration {unknown}
 p - 2 potions of magic {unknown}
 q - a potion of might {unknown}
 r - 2 potions of haste {unknown}
 u - a potion of brilliance {unknown}
Comestibles
 g - 4 bread rations
 n - 3 fruits


   Skills:
 - Level 1.6 Fighting
 * Level 4.4 Short Blades
 - Level 2.0 Throwing
 - Level 1.5 Dodging
 + Level 7.4 Stealth


You had 3 spell levels left.
You didn't know any spells.

Dungeon Overview and Level Annotations

Branches:
Dungeon (2/15)

Altars:
Elyvilon


Innate Abilities, Weirdness & Mutations

You are very small and have problems with some larger weapons.
You are too small for most types of armour.
You have supernaturally acute eyesight. (SInv)
You are a herbivore.
You cover ground extremely quickly.
You need consume almost no food.


Message History

The stone hits the kobold but does no damage.
The kobold moves out of view.
You start waiting.
Throwing (i - inventory):
i - 93 stones (quivered)
Press: ? - help, Shift-Dir - straight line, f/p - kobold
Aim: a kobold, wielding a short sword of electrocution You throw a stone.
The stone completely misses the kobold.
Throwing (i - inventory):
i - 92 stones (quivered)
Press: ? - help, Shift-Dir - straight line, f/p - kobold
Aim: a kobold, wielding a short sword of electrocution You throw a stone.
The stone hits the kobold but does no damage.
Press: ? - help, v - describe, . - travel The floor.
You closely miss the kobold. You closely miss the kobold.
The kobold hits you with a short sword of electrocution.
You are electrocuted!
Ouch! That really hurt!
You die...

#######.##.####.≈≈≈≈._.≈
#.......##.......≈≈≈.♣.≈
#.########.<##...≈≈≈≈≈≈≈
#.# #..###.≈≈≈≈≈≈≈≈ #.#
####..###..≈≈≈≈≈≈≈ #)#
#..........≈.≈≈.≈≈ #.#
#.##..##.≈≈......≈ #.#
#.##..##.##...÷.). #.#
#@##..##.##†<..##. #.#
#K##........##.##. #.#
###(###.##.##.##.##. #.#
#.(..............##.
#.....#.##..............
####..#.##.###.##.######
#. #.##.# #.##.# #(
#....# #.##.# #########
# ###..# .#


You could see a kobold.

Vanquished Creatures
  A gnoll (D:1)
  4 adders (D:2)
  An ooze (D:2)
  3 dart slugs (D:2)
  2 leopard geckos (D:1)
  2 bats (D:2)
  2 giant cockroaches (D:2)
  9 goblins
  3 hobgoblins
  14 jackals
  A ball python (D:1)
  12 frilled lizards
  2 kobolds
  6 rats
62 creatures vanquished.

Notes
Turn   | Place    | Note
-------+----------+-------------------------------------------
     0 | D:1      | riteheju the Spriggan Assassin began the quest for the Orb.
     0 | D:1      | Reached XP level 1. HP: 10/10 MP: 2/2
   181 | D:1      | Reached skill level 6 in Stealth
   252 | D:1      | Reached XP level 2. HP: 14/14 MP: 3/3
   631 | D:1      | Reached XP level 3. HP: 17/18 MP: 4/4
  1217 | D:2      | Reached skill level 7 in Stealth
  1277 | D:2      | Found a white marble altar of Elyvilon.
  1447 | D:2      | Reached XP level 4. HP: 22/22 MP: 5/5
  1596 | D:2      | Found a faded altar of an unknown god.
  2079 | D:2      | Slain by a kobold

Vault maps used:
D:1:      dpeg_arrival_three_same_balls, minmay_lizard_king
D:2:      nicolae_overflow_crystal_walls, gammafunk_temple_overflow_statue,
          chequers_ecumenical_altar_island

Skill      XL: |  1  2  3  4 |
---------------+-------------+-----
Stealth        | 6 7 |  7.4
Short Blades   | 3 4 |  4.4
Fighting       | |  1.6
Throwing       | |  2.0
Dodging        | |  1.5

Action                   |  1- 3 |  4- 6 || total
-------------------------+-------+-------++-------
Melee: Dagger            |   143 |    57 ||   200
Throw: Stone             |    14 |    28 ||    42
  Use: Scroll            |     2 |     1 ||     3
 Stab: Sleeping          |     9 |     3 ||    12
       Distracted        |     1 |       ||     1
Armor: Robe              |    14 |     9 ||    23
Dodge: Dodged            |    80 |    60 ||   140
Block: Other             |       |    16 ||    16
       Reflection        |       |     1 ||     1

Table legend:
 A = Spawn XP
 B = Non-spawn XP
 C = Spawn XP percentage of total XP
 D = Spawn monster count
 E = Non-spawn monster count
 F = Spawn count percentage of total count
 G = Total turns spent on level
                    A         B        C        D         E        F      G
               +---------+---------+-------+---------+---------+-------+---------
         Total |       0 |     170 |   0.0 |       0 |      62 |   0.0 |  2079
               +---------+---------+-------+---------+---------+-------+---------
           D:1 |       0 |      56 |   0.0 |       0 |      29 |   0.0 |  1452
           D:2 |       0 |     114 |   0.0 |       0 |      33 |   0.0 |   627
               +---------+---------+-------+---------+---------+-------+---------
